 Dungeon Crawl Stone Soup version 0.15.0-16-gce31824 (webtiles) character file.

97 Kashira the Sneak (level 4, -8/36 HPs)
             Began as a Naga Enchanter on Sept 5, 2014.
             Mangled by an orc warrior
             ... wielding a +1 trident of venom
              (12 damage)
             ... on Level 3 of the Dungeon.
             The game lasted 00:07:31 (2198 turns).

Kashira the Sneak (Naga Enchanter)                  Turns: 2198, Time: 00:07:31

HP  -8/36        AC  3     Str 10      XL: 4   Next: 68%
MP   1/8         EV 10     Int 16      God:
Gold 92          SH  0     Dex 12      Spells:  3 memorised,  1 level left

rFire  . . .     SeeInvis +     a - +1 dagger
rCold  . . .     Clarity  .     b - +1 robe
rNeg   . . .     rCorr    .     (no shield)
rPois  +         rRot     .     (no helmet)
rElec  .         Spirit   .     (no cloak)
SustAb .         Warding  .     (no gloves)
rMut   .         Stasis   .     (no barding)
Gourm  .                        (no amulet)
MR     .....                    (no ring)
                                (no ring)

@: short of breath, very slow, not resistant to hostile enchantments, fairly
stealthy
A: spit poison, see invisible, deformed body, poison resistance, slowness 2, AC
+1
a: Spit Poison


You were on level 3 of the Dungeon.
You were very hungry.

You visited 1 branch of the dungeon, and saw 3 of its levels.

You collected 92 gold pieces.

Inventory:

Hand weapons
 a - a +1 dagger (weapon)
Armour
 b - a +1 robe (worn)
Comestibles
 d - 2 bread rations
 f - 2 meat rations
 i - a beef jerky
 o - a royal jelly
Scrolls
 e - a scroll of random uselessness
 g - a scroll of noise {unknown}
 h - a scroll of identify {unknown}
 j - 2 scrolls of remove curse {unknown}
 k - a scroll of magic mapping {unknown}
 l - a scroll of amnesia {unknown}
 p - a scroll of recharging {unknown}
 q - a scroll of enchant weapon {unknown}
Potions
 m - a potion of flight {unknown}
 n - a potion of curing {unknown}
Books
 c - a book of Maledictions

   Spells                             Type                      Level
   *Corona                            Hexes                        1
   Sure Blade                         Hexes/Charms                 2
   Ensorcelled Hibernation            Hexes/Ice                    2
   *Confuse                           Hexes                        3
   *Dazzling Spray                    Conjuration/Hexes            3
   Enslavement                        Hexes                        4


   Skills:
 + Level 0.2 Fighting
 - Level 1.0 Short Blades
 + Level 2.1 Dodging
 - Level 4.9 Stealth
 + Level 2.6 Spellcasting
 + Level 0.4 Conjurations
 + Level 4.1 Hexes


You had one spell level left.
You knew the following spells:

 Your Spells              Type           Power        Failure   Level  Hunger
a - Corona                Hex            ###....      4%          1    #......
b - Dazzling Spray        Conj/Hex       #.......     28%         3    ###....
c - Confuse               Hex            ###.....     12%         3    ###....


Dungeon Overview and Level Annotations

Branches:
Dungeon (3/15)

Altars:


Innate Abilities, Weirdness & Mutations

You cannot wear boots.
You can spit poison.
Your serpentine skin is tough (AC +1).
You have supernaturally acute eyesight.
Armour fits poorly on your strangely shaped body.
Your system is resistant to poisons.
You cover ground very slowly.


Message History

Press: ? - help, Shift-Dir - straight line, f/p - orc warrior
Aim: an orc warrior, wielding a runed trident and wearing a plate armour The spray of energy misses the orc warrior.
Casting: Dazzling Spray
Confirm with . or Enter, or press ? or * to list all spells.
You don't have enough magic to cast that spell.
Unknown command.
You are feeling very hungry.
The orc warrior hits you from afar with a runed trident!
* * * LOW HITPOINT WARNING * * *
The orc warrior hits you with a runed trident.
* * * LOW HITPOINT WARNING * * *
Drink which item? (? for menu, Esc to quit)
Okay, then.
Read which item? (? for menu, Esc to quit)
As you read the scroll labeled SOVATE ROTH, it crumbles to dust.
The scroll reassembles itself in your hands!
It is a scroll of random uselessness.
The orc warrior hits you with a runed trident!
You die...

#.###....<.##.........##
#.........####.......##
#####o##### ##.....## #.#
##...## #.# ##'## #.# #.#
#.# #.# #.#### ##.## ###
#.o@.# ##...###.# ####.#
#.....#.#. #.# ##........
#.# ##..###.#
#########.########..###.#
#.......................#
#.####.###########..#####
#.# #.###### #....... #.#
##.##...# #.######


You could see an orc warrior.

Vanquished Creatures
  An orc priest (D:3)
  An adder (D:3)
  5 giant geckos
  3 ball pythons
  4 giant cockroaches
  7 goblins
  5 hobgoblins
  5 jackals
  6 kobolds
  3 quokkas
  2 bats (D:1)
  A giant newt (D:1)
  3 rats
46 creatures vanquished.

Notes
Turn   | Place    | Note
--------------------------------------------------------------
     0 | D:1      | Kashira, the Naga Enchanter, began the quest for the Orb.
     0 | D:1      | Reached XP level 1. HP: 15/15 MP: 3/3
   126 | D:1      | Reached XP level 2. HP: 19/22 MP: 4/4
   929 | D:2      | Reached XP level 3. HP: 28/28 MP: 6/6
  1001 | D:2      | Learned a level 3 spell: Dazzling Spray
  1917 | D:3      | Reached XP level 4. HP: 23/36 MP: 1/8
  1955 | D:3      | Learned a level 3 spell: Confuse
  2141 | D:3      | Noticed an orc warrior
  2198 | D:3      | Mangled by an orc warrior

Action                   |  1- 3 |  4- 6 || total
-------------------------+-------+-------++-------
Melee: Dagger            |    48 |    19 ||    67
 Cast: Corona            |    13 |       ||    13
       Dazzling Spray    |       |     2 ||     2
 Abil: Spit Poison       |    44 |     7 ||    51
  Use: Scroll            |       |     1 ||     1
 Stab: Sleeping          |     2 |       ||     2
       Invisible         |       |     1 ||     1
  Eat: Chunk             |     5 |     2 ||     7
